 Dungeon Sprint DCSS version 0.23.1 (webtiles) character file.

Game seed: 1660854624616803735

2228 nuthulu the Grappler (level 9, -4/96 HPs)
             Began as a Troll Monk on Mar 12, 2019.
             Was a High Priest of Wu Jian.
             Slain by a chaos spawn (8 damage)
             ... summoned by Azetur
             ... in the Dungeon (Sprint V: "Ziggurat Sprint").
             The game lasted 00:02:39 (216 turns).

nuthulu the Grappler (Troll Monk)                    Turns: 216, Time: 00:02:40

Health: -4/96      AC: 24    Str: 36    XL:     9   Next: 14%
Magic:  8/8        EV:  7    Int:  6    God:    Wu Jian [*****.]
Gold:   0          SH:  0    Dex: 12    Spells: 8/8 levels left

rFire    + . .     SeeInvis .     - Unarmed
rCold    + . .     Gourm    +   (no shield)
rNeg     . . .     Faith    .   D - +5 gold dragon scales
rPois    +         Spirit   .   (helmet restricted)
rElec    .         Reflect  .   (no cloak)
rCorr    .         Harm     .   (gloves unavailable)
MR       .....     NoTele   +   (boots unavailable)
Stlth    ..........             F - amulet of the acrobat
HPRegen  0.66/turn              B - +6 ring of strength
MPRegen  0.11/turn              C - +6 ring of strength

@: glowing, studying Poison Magic, heavily drained, heavenly storm
A: large, unfitting armour, claws 3, fast metabolism 3, gourmand, regeneration
1, shaggy fur 1, tough skin 3
a: Wall Jump, Serpent's Lash, Heavenly Storm, Renounce Religion


You were in the Dungeon.
You worshipped Wu Jian.
Wu Jian was extremely pleased with you.
You were full.

You visited 1 branch

Inventory:

Armour
 a - a +0 robe
 D - +5 gold dragon scales (worn)
Jewellery
 l - an uncursed amulet of guardian spirit
 x - a +6 ring of dexterity
 y - a +6 ring of dexterity
 z - a +6 ring of intelligence
 A - a +6 ring of intelligence
 B - a +6 ring of strength (left claw)
 C - a +6 ring of strength (right claw)
 F - an amulet of the acrobat (around neck)
Wands
 u - a wand of disintegration (7)
 v - a wand of iceblast (7)
 w - a wand of acid (7)
Scrolls
 h - 4 scrolls of blinking
 o - 4 scrolls of amnesia
 p - 7 scrolls of fog
 q - a scroll of holy word
 r - 5 scrolls of identify
 s - 5 scrolls of remove curse
 t - 2 scrolls of fear
Potions
 c - 10 potions of curing
 d - 8 potions of heal wounds
 e - 6 potions of haste
 f - 7 potions of magic
 g - 3 potions of berserk rage
 i - 2 potions of brilliance
 j - 2 potions of invisibility
 k - 4 potions of resistance
 m - 5 potions of agility
 n - 5 potions of might
Books
 E - a manual of Poison Magic
Comestibles
 b - 8 rations


   Skills:
 + Level 7.9(6.5) Fighting
 + Level 6.9(5.5) Armour
 + Level 7.9(6.5) Dodging
 - Level 1.0(0.0) Stealth
 * Level 14.3(12.6) Unarmed Combat


You had 8 spell levels left.
You didn't know any spells.
Your spell library was empty.

Dungeon Overview and Level Annotations

Branches:
Dungeon (1/1)

Altars:
Ashenzari
Cheibriados
Dithmenos
Elyvilon
Fedhas
Gozag
Hepliaklqana
Kikubaaqudgha
Makhleb
Nemelex Xobeh
Okawaru
Qazlal
Ru
Sif Muna
Trog
Uskayaw
Vehumet
Wu Jian
Xom
Yredelemnul
Zin
The Shining One
Beogh
Jiyva
Lugonu

Annotations:
D 1 transporter


Innate Abilities, Weirdness & Mutations

You are too large for most types of armour.
You have claws for hands.
Your metabolism is lightning-fast.
You like to eat raw meat.
Your natural rate of healing is unusually fast.
You are covered in fur. (AC +1)
You have extremely tough skin. (AC +3)


Message History

The quicksilver dragon breathes dispelling energy at you.
The bolt of dispelling energy hits you.
Azetur blinks!
The chaos spawn hits you but does no damage.
Unknown command.
You spin and attack the quicksilver dragon.
You closely miss the quicksilver dragon.
The quicksilver dragon is moderately wounded.
You spin and attack the chaos spawn.
You claw the chaos spawn!
The chaos spawn is moderately wounded.
The quicksilver dragon breathes dispelling energy at you.
The bolt of dispelling energy hits you!!
* * * LOW HITPOINT WARNING * * *
The quicksilver dragon barely misses you.
The quicksilver dragon claws you.
* * * LOW HITPOINT WARNING * * *
The red devil hops backward while attacking.
The red devil barely misses you. The chaos spawn hits you.
* * * LOW HITPOINT WARNING * * *
The chaos spawn shocks you!
You die...

▓...)....▓.)).)...▓
▓........▓.)......▓
▓........▓....)...▓
▓........▓.▓....▓.▓
▓...©....▓...©....▓
▓▓▓▓▓▓▓▓▓▓▓▓▓▓▓▓▓▓▓
▓..8§8☼§▓ ▓..}§§§☼▓
▓..:3§@4▓ ▓...5§DD▓
▓...4§55▓ ▓...☼☼§5▓
▓...☼§☼☼▓ ▓.▓...▓.▓
▓...©...▓ ▓▓▓▓▓▓▓▓▓


You could see a golden dragon, a quicksilver dragon (pinned), a ynoxinul, a
chaos spawn (pinned), a red devil, a white imp, a shadow imp and an ufetubus.

Vanquished Creatures
  5 draconians (D)
  A necrophage (D)
  A phantom (D)
  3 crimson imps (D)
  An iron imp (D)
  2 shadow imps (D)
  2 white imps (D)
  3 ufetubi (D)
  A jackal skeleton (D)
19 creatures vanquished.

Notes
Turn   | Place    | Note
-------+----------+-------------------------------------------
     0 | D        | Found the +6 Majin-Bo {vamp, Archmagi MP+6 Int+6}
     0 | D        | Found the +7 great mace "Firestarter" {inner flame, rF++}
     0 | D        | nuthulu the Troll Monk began the quest for the Orb.
     0 | D        | Reached XP level 1. HP: 22/22 MP: 0/0
     0 | D        | Found a deep blue altar of Sif Muna.
     0 | D        | Found a sacrificial altar of Ru.
     0 | D        | Found a bloodstained altar of Trog.
     0 | D        | Found a stormy altar of Qazlal.
     0 | D        | Found an iron altar of Okawaru.
     0 | D        | Found a sparkling altar of Nemelex Xobeh.
     0 | D        | Found a blossoming altar of Fedhas.
     2 | D        | Found a transporter.
     2 | D        | Found an ancient bone altar of Kikubaaqudgha.
     2 | D        | Found a viscous altar of Jiyva.
     2 | D        | Found a corrupted altar of Lugonu.
     2 | D        | Found a hazy altar of Hepliaklqana.
     2 | D        | Found a burning altar of Makhleb.
     2 | D        | Found an opulent altar of Gozag.
    40 | D        | Became a worshipper of the Wu Jian Council
    40 | D        | Reached * piety under Wu Jian
    40 | D        | Reached ** piety under Wu Jian
    45 | D        | Reached skill level 8 in Unarmed Combat
    45 | D        | Reached XP level 2. HP: 29/29 MP: 1/1
    54 | D        | Entered arena 2.
    54 | D        | Noticed a crimson imp
    54 | D        | Noticed a crimson imp
    54 | D        | Found a transporter.
    55 | D        | Found the +7 great mace "Undeadhunter" {disrupt, rN+}
    55 | D        | Killed a crimson imp
    55 | D        | Reached XP level 3. HP: 37/37 MP: 2/2
    66 | D        | Reached skill level 9 in Unarmed Combat
    66 | D        | Reached XP level 4. HP: 43/45 MP: 3/3
    73 | D        | Entered arena 3.
    73 | D        | Noticed a phantom
    73 | D        | Noticed a necrophage
    73 | D        | Found a transporter.
    82 | D        | Killed a necrophage
    82 | D        | Reached *** piety under Wu Jian
    82 | D        | Reached skill level 10 in Unarmed Combat
    82 | D        | Reached XP level 5. HP: 54/54 MP: 4/4
    95 | D        | Killed a phantom
   100 | D        | Entered arena 4.
   100 | D        | Found a transporter.
   106 | D        | Reached **** piety under Wu Jian
   106 | D        | Reached XP level 6. HP: 62/65 MP: 5/5
   108 | D        | Reached skill level 5 in Fighting
   108 | D        | Reached skill level 5 in Dodging
   118 | D        | Entered arena 5.
   118 | D        | Found a transporter.
   125 | D        | Reached ***** piety under Wu Jian
   125 | D        | Reached skill level 11 in Unarmed Combat
   134 | D        | Entered arena 6.
   134 | D        | Noticed a draconian
   134 | D        | Noticed a draconian
   134 | D        | Noticed a draconian
   134 | D        | Noticed a draconian
   134 | D        | Noticed a draconian
   134 | D        | Found a transporter.
   135 | D        | Identified the cursed +2 dagger "Muluucsa" {drain, *Contam
                  | rPois rF+ Str+4}
   140 | D        | Killed a draconian
   140 | D        | Reached skill level 12 in Unarmed Combat
   140 | D        | Reached XP level 7. HP: 74/75 MP: 2/6
   148 | D        | Killed a draconian
   148 | D        | Reached skill level 5 in Armour
   148 | D        | Reached XP level 8. HP: 84/84 MP: 2/7
   154 | D        | Killed a draconian
   154 | D        | Reached skill level 13 in Unarmed Combat
   157 | D        | Killed a draconian
   161 | D        | Killed a draconian
   161 | D        | Reached skill level 14 in Unarmed Combat
   161 | D        | Reached XP level 9. HP: 72/96 MP: 3/8
   207 | D        | Entered arena 7.
   207 | D        | Noticed Azetur the pandemonium lord
   208 | D        | Noticed a golden dragon
   208 | D        | Found a transporter.
   210 | D        | Noticed a quicksilver dragon
   212 | D        | HP: 4/96 [Azetur the pandemonium lord/bolt of negative
                  | energy (55)]
   215 | D        | Noticed a red devil
   216 | D        | Slain by a chaos spawn

Skill      XL: |  1  2  3  4  5  6  7  8 |
---------------+-------------------------+-----
Unarmed Combat | 8 9 10 12 14 | 14.3
Fighting       | 3 4 6 7 |  7.9
Dodging        | 3 4 6 7 |  7.9
Armour         | 2 3 4 5 6 |  6.9
Stealth        | |  1.0

Action                   |  1- 3 |  4- 6 |  7- 9 || total
-------------------------+-------+-------+-------++-------
Melee: Unarmed           |    12 |    52 |    41 ||   105
       Punch             |     1 |     4 |     1 ||     6
Invok: Lunge             |     1 |     2 |       ||     3
       Whirlwind         |       |    22 |    10 ||    32
       Serpent's Lash    |       |     1 |       ||     1
       Heavenly Storm    |       |       |     1 ||     1
 Abil: Wall Jump         |       |       |     4 ||     4
  Use: Potion            |     1 |       |     2 ||     3
  Eat: Chunk             |       |       |     4 ||     4
Armor: Gold dragon scale |     5 |    40 |    29 ||    74
Dodge: Dodged            |     1 |    10 |    18 ||    29
